 Dungeon Crawl Stone Soup version 0.18-a0-1418-ga86aa8f (webtiles) character file.

13145 Goblin1989 the Martial Artist (level 11, -4/97 HPs)
             Began as a Demonspawn Monk on Feb 27, 2016.
             Was a Believer of Ru.
             Slain by an ogre
             ... wielding a +0 giant club
              (20 damage)
             ... on level 11 of the Dungeon.
             The game lasted 00:34:23 (11694 turns).

Goblin1989 the Martial Artist (Demonspawn Monk)    Turns: 11694, Time: 00:34:23

Health: -4/97      AC: 10    Str: 17    XL:     11   Next: 71%
Magic:  11/11      EV: 14    Int: 13    God:    Ru [**....]
Gold:   792        SH:  3    Dex: 15    Spells: 0 memorised, 10 levels left

rFire  . . .     SeeInvis .       - Unarmed
rCold  + . .     Gourm    .     L - +1 robe of Untold Secrets {rPois MR+}
rNeg   . . .     Faith    .     (no shield)
rPois  +         Spirit   .     u - +2 hat
rElec  .         Dismiss  .     C - +2 cloak
rCorr  .         Reflect  +     (no gloves)
SustAt +         Harm     .     P - +0 pair of boots
MR     +....                    m - +3 amulet of reflection
Stlth  ++........               s - +3 ring of strength
                                r - ring of sustain attributes

@: somewhat resistant to hostile enchantments, unstealthy
A: claws 2, rugged brown scales 1, cold resistance 1, demonic guardian 1, slow
regeneration 1, no air magic, no conjurations magic, no transmutations magic,
disrupted magic 1
a: Renounce Religion


You were on level 11 of the Dungeon.
You worshipped Ru.
Ru was pleased with you.
You were very hungry.

You visited 1 branch of the dungeon, and saw 12 of its levels.
You also visited: Sewer.

You collected 902 gold pieces.
You spent 110 gold pieces at shops.

Inventory:

Hand Weapons
 p - a cursed +0 blowgun
Missiles
 K - 29 poisoned needles
 Q - 2 tomahawks (quivered)
 R - 7 needles of frenzy
Armour
 u - a +2 hat (worn)
 C - a +2 cloak (worn)
 J - a +0 scale mail
 L - the +1 robe of Untold Secrets (worn) {rPois MR+}
   (You found it on level 8 of the Dungeon)

   It protects you from poison.
   It affects your resistance to hostile enchantments.
 P - a +0 pair of boots (worn)
Jewellery
 m - a +3 amulet of reflection (around neck)
 r - a ring of sustain attributes (left claw)
 s - a +3 ring of strength (right claw)
 v - the amulet of Dipergho {RegenMP Str+4 Slay+3}
   (You found it on level 4 of the Dungeon)

   [amulet of magic regeneration]

   It increases your magic regeneration.
   It affects your strength (+4).
   It affects your accuracy and damage with ranged weapons and melee attacks
   (+3).
Wands
 e - a wand of iceblast (5/15)
 j - a wand of iceblast (6/15)
 n - a wand of lightning (0/15)
 w - a wand of digging (11/24)
 z - a wand of iceblast (10/15)
 M - a wand of polymorph (19/24)
 O - a wand of random effects (16/48)
Scrolls
 d - 2 scrolls of fear
 g - 2 scrolls of immolation {unknown}
 i - 6 scrolls of teleportation
 k - 2 scrolls of remove curse
 q - 3 scrolls of amnesia
 t - 2 scrolls of recharging {unknown}
 y - a scroll of noise {unknown}
 B - 3 scrolls of fog
 D - a scroll of identify
 G - a scroll of blinking {unknown}
Potions
 a - 6 potions of heal wounds
 c - 4 potions of flight
 h - 2 potions of magic
 l - 5 potions of berserk rage
 o - 3 potions of lignification
 x - 4 potions of curing
 A - a potion of invisibility
 E - a potion of agility {unknown}
 F - a potion of brilliance {unknown}
Comestibles
 b - 8 bread rations
 f - 9 meat rations
 H - 3 beef jerkies
 I - 4 slices of pizza


   Skills:
 - Level 11.8 Fighting
 + Level 1.7 Armour
 * Level 4.1 Dodging
 - Level 1.7 Stealth
 - Level 14.1 Unarmed Combat


You had 10 spell levels left.
You didn't know any spells.

Dungeon Overview and Level Annotations

Branches:
Dungeon (12/15)            Temple (0/1) D:6            Lair (0/8) D:10
    Orc (0/2) D:10

Altars:
Ashenzari
Cheibriados
Gozag
Kikubaaqudgha
Nemelex Xobeh
Ru
Trog
Xom
Yredelemnul
Zin

Shops:
D:4 [   D:5 ?


Innate Abilities, Weirdness & Mutations

You have very sharp fingernails.
You are partially covered in rugged brown scales (AC +1, +3% HP).
Your flesh is cold resistant.
A weak demonic guardian rushes to your aid.
You regenerate slowly when monsters are visible.
You cannot study or cast Air magic.
You cannot study or cast Conjurations magic.
You cannot study or cast Transmutations magic.
Your casting is slightly disrupted.


Message History

The slime creature is severely wounded.
The slime creature is stunned by your will and fails to attack.
The slime creature hits you! x2
* * * LOW HITPOINT WARNING * * *
You mangle the slime creature!!
You kill the slime creature!
The slime creature hits you!
* * * LOW HITPOINT WARNING * * *
The slime creature hits you.
* * * LOW HITPOINT WARNING * * *
There is an open door here.
Two slime creatures merge to form a large slime creature.
An ogre comes into view. It is wielding a giant club.
The ogre moves out of view.
There is an open door here.
The ogre is stunned by your will and fails to attack.
A large slime creature splits.
Your quasit bites the ogre.
Your quasit claws the ogre.
Your quasit barely misses the ogre.
The ogre hits you with a giant club!!
You die...

#..### #........##.# # #.##
#.[......'..# # #.# #........####
# #.# #........# # #.# ######'###
# #.# ###.# ### #.# #...# #..
###'####### ########'###### #..
#.........###.@...........###..
#.........#J5O............'[#..
#...}.....#J#.............#.#..
###.........#.#.............#.#..
..'.........#.#.............#.'..
###.........'.#################..
#....>....### #.. ########### ###


You could see 2 slime creatures, an ogre and a friendly quasit.

Vanquished Creatures
  A centaur warrior (D:9)
  4 hill giants
  Pikel (D:7)
  An ugly thing (D:11)
  2 centaur zombies
  A slime creature (D:11)
  Grinder (D:3)
  A two-headed ogre (D:9)
  A shadow (D:11)
  A wraith (D:11)
  7 yaks (D:10)
  A hippogriff (D:8)
  A wyvern (D:11)
  A hog (D:7)
  A human (D:7)
  2 porcupines (D:10)
  An orc warrior (D:9)
  2 black bears (D:8)
  2 ice beasts
  A sky beast (D:5)
  2 phantoms
  A wasp (D:11)
  An ogre (D:7)
  A crocodile (D:10)
  5 centaurs
  7 big kobolds
  9 giant frogs
  A gnoll sergeant (D:9)
  2 scorpions
  18 killer bees
  A giant frog zombie (D:8)
  4 crimson imps
  4 hounds
  3 quasits (D:9)
  3 jellies
  A giant frog skeleton (D:10)
  7 orc priests
  An iron imp (D:9)
  5 orc wizards
  A centaur skeleton (D:8)
  3 iguanas
  6 worker ants
  A killer bee zombie (D:10)
  3 sheep (D:7)
  5 hound skeletons
  A worker ant zombie (D:9)
  4 gnolls (D:9)
  10 adders
  4 river rats (D:10)
  4 shadow imps
  6 oozes
  An adder zombie (D:7)
  8 worms
  A dart slug (D:1)
  6 giant geckos
  26 orcs
  8 ball pythons
  15 goblins
  3 hobgoblins
  9 jackals
  9 quokkas
  9 bats
  6 giant newts
  2 jackal skeletons
  12 kobolds
  11 rats
  A spectral orc (D:5)
  A fungus (D:4)
285 creatures vanquished.

Vanquished Creatures (collateral kills)
  A troll (D:10)
  Sigmund (D:2)
  A centaur (D:5)
  A river rat (D:10)
  A rat (D:10)
  A butterfly (D:9)
6 creatures vanquished.

Vanquished Creatures (others)
  An ogre (D:8)
  A quasit (D:8)
  A giant gecko (D:8)
  An orc (D:11)
  3 jackals (D:8)
  A kobold (D:9)
  A rat (D:10)
9 creatures vanquished.

Grand Total: 300 creatures vanquished

Notes
Turn   | Place    | Note
--------------------------------------------------------------
     0 | D:1      | Goblin1989 the Demonspawn Monk began the quest for the Orb.
     0 | D:1      | Reached XP level 1. HP: 18/18 MP: 1/1
    82 | D:1      | Reached skill level 4 in Unarmed Combat
   101 | D:1      | Gained mutation: You have sharp fingernails. [demonic ancestry]
   101 | D:1      | Reached XP level 2. HP: 18/24 MP: 2/2
   835 | D:1      | Gained mutation: You are partially covered in rugged brown scales (AC +1, +3% HP). [demonic ancestry]
   835 | D:1      | Reached XP level 3. HP: 22/29 MP: 3/3
  1106 | D:2      | Found a sparkling altar of Nemelex Xobeh.
  1228 | D:2      | Noticed Sigmund
  1368 | D:3      | Reached skill level 5 in Unarmed Combat
  1368 | D:3      | Gained mutation: Your flesh is cold resistant. [demonic ancestry]
  1368 | D:3      | Reached XP level 4. HP: 34/36 MP: 4/4
  1590 | D:3      | Noticed Grinder
  1598 | D:3      | Killed Grinder
  1598 | D:3      | Reached skill level 6 in Unarmed Combat
  1598 | D:3      | Gained mutation: You have very sharp fingernails. [demonic ancestry]
  1598 | D:3      | Reached XP level 5. HP: 42/42 MP: 5/5
  1598 | D:3      | Reached XP level 6. HP: 48/48 MP: 6/6
  1708 | D:3      | Found a shattered altar of Ashenzari.
  1749 | D:3      | Found a sacrificial altar of Ru.
  1749 | D:3      | Found a shattered altar of Ashenzari.
  1848 | D:3      | Became a worshipper of Ru the Awakened
  1960 | D:3      | Found a glowing silver altar of Zin.
  2187 | D:4      | Found Japenif's Armour Shop.
  2248 | D:4      | Found a glowing drain.
  2253 | Sewer    | Entered a sewer
  2400 | Sewer    | Reached skill level 7 in Unarmed Combat
  2539 | Sewer    | Reached XP level 7. HP: 37/53 MP: 7/7
  2631 | Sewer    | Reached skill level 8 in Unarmed Combat
  3301 | D:4      | Found an opulent altar of Gozag.
  3331 | D:4      | Got a brightly glowing emerald amulet
  3634 | D:5      | Entered Level 5 of the Dungeon
  3647 | D:5      | Reached skill level 9 in Unarmed Combat
  3659 | D:5      | Found an ancient bone altar of Kikubaaqudgha.
  3689 | D:5      | Gained mutation: A weak demonic guardian rushes to your aid. [demonic ancestry]
  3689 | D:5      | Reached XP level 8. HP: 59/59 MP: 8/8
  3868 | D:5      | Reached skill level 10 in Unarmed Combat
  4173 | D:5      | Found Ycosijul's Magic Scroll Shop.
  4189 | D:5      | Bought a scroll of teleportation for 30 gold pieces
  4189 | D:5      | Bought a scroll of fog for 20 gold pieces
  4189 | D:5      | Bought a scroll of identify for 20 gold pieces
  4189 | D:5      | Bought a scroll of identify for 20 gold pieces
  4189 | D:5      | Bought a scroll of identify for 20 gold pieces
  4210 | D:5      | Reached skill level 14 in Unarmed Combat
  4210 | D:5      | Reached XP level 9. HP: 64/64 MP: 9/9
  4230 | D:5      | Gained mutation: Your casting is slightly disrupted. [Ru sacrifice]
  4747 | D:5      | Found a basalt altar of Yredelemnul.
  4962 | D:6      | Found a staircase to the Ecumenical Temple.
  5767 | D:7      | Reached skill level 5 in Fighting
  6387 | D:8      | Noticed Pikel
  6401 | D:7      | Killed Pikel
  6401 | D:7      | Reached XP level 10. HP: 79/79 MP: 10/10
  6461 | D:8      | Gained mutation: You regenerate slowly when monsters are visible. [Ru sacrifice]
  6461 | D:8      | Reached * piety under Ru
  6468 | D:8      | Identified the amulet of Dipergho {RegenMP Str+4 Slay+3} (You found it on level 4 of the Dungeon)
  6615 | D:8      | Got a brightly glowing robe
  6627 | D:8      | Identified the +1 robe of Untold Secrets {rPois MR+} (You found it on level 8 of the Dungeon)
  7087 | D:9      | Noticed a centaur warrior
  7101 | D:9      | Killed a centaur warrior
  7696 | D:9      | Found a snail-covered altar of Cheibriados.
  7734 | D:9      | Noticed a hill giant
  7743 | D:9      | Killed a hill giant
  8314 | D:9      | Found a shimmering altar of Xom.
  8659 | D:2      | Killed Sigmund
  9030 | D:2      | Found a bloodstained altar of Trog.
  9453 | D:10     | Entered Level 10 of the Dungeon
  9464 | D:10     | Reached XP level 11. HP: 85/92 MP: 11/11
  9483 | D:10     | Found a staircase to the Lair.
  9499 | D:10     | Reached skill level 10 in Fighting
  9951 | D:10     | Gained mutation: You cannot study or cast Air magic. [Ru sacrifice]
  9951 | D:10     | Gained mutation: You cannot study or cast Transmutations magic. [Ru sacrifice]
  9951 | D:10     | Gained mutation: You cannot study or cast Conjurations magic. [Ru sacrifice]
  9951 | D:10     | Reached ** piety under Ru
 10037 | D:10     | Noticed a hill giant
 10043 | D:10     | Killed a hill giant
 10570 | D:10     | Found a staircase to the Orcish Mines.
 10873 | D:11     | Noticed a hill giant
 10877 | D:11     | Killed a hill giant
 11354 | D:11     | Noticed a white ugly thing
 11359 | D:11     | Killed a white ugly thing
 11380 | D:11     | Reached skill level 1 in Armour
 11673 | D:12     | Noticed a hill giant
 11677 | D:12     | Killed a hill giant
 11694 | D:11     | Slain by an ogre

Vault maps used:
D:1:      elethiomel_arrival_maze
D:2:      lemuel_coloured_pillars_altar, old_standard_altar, uniq_sigmund
D:3:      nicolae_overflow_hidden_temple, amethyst_overflow_temple_binary,
          first_bread, ashenzari_altar_1, uniq_grinder
D:4:      kennysheep_big_flooded_room, portal_sewer_entry_e, serial_shops,
          shop_coins, minmay_gold_behind_fungi, grunt_gozag_breadcrumbs
D:5:      wad_river_or_something, yredelemnul_forgotten_temple_becter,
          lemuel_doored_altar, serial_shops, shop, eino_tiny_chamber
D:6:      minmay_temple_entry_junction
D:7:      grunt_livestock
D:8:      uniq_pikel
D:9:      xom_butterflies, slow_altar_2, minivault_23
D:10:     minmay_lair_entry_grove, orc_0_dummy, bh_walls_and_bars
D:12:     enter_bailey_2
Sewer:    sewer_co_tree

Skill      XL: |  1  2  3  4  5  6  7  8  9 10 11 |
---------------+----------------------------------+-----
Unarmed Combat | 4 5 6 7 9 14 | 14.1
Fighting       | 6 9 11 | 11.8
Dodging        | 4 |  4.1
Armour         | 1 |  1.7
Stealth        | |  1.7

Action                   |  1- 3 |  4- 6 |  7- 9 | 10-12 || total
-------------------------+-------+-------+-------+-------++-------
Melee: Unarmed           |    97 |   133 |   338 |   389 ||   957
Invok: Reject Sacrifices |       |     1 |       |       ||     1
       Sacrifice Essence |       |       |     1 |       ||     1
       Sacrifice Purity  |       |       |       |     1 ||     1
       Sacrifice Arcana  |       |       |       |     1 ||     1
Evoke: Wand              |       |     5 |       |     3 ||     8
  Use: Scroll            |       |     6 |     5 |     5 ||    16
       Potion            |       |       |     3 |     2 ||     5
 Stab: Sleeping          |     7 |     1 |       |     6 ||    14
       Distracted        |       |       |     1 |     3 ||     4
  Eat: Chunk             |     1 |     3 |     7 |     7 ||    18
       Pizza             |       |       |     2 |     3 ||     5
       Royal jelly       |       |       |     1 |     1 ||     2
       Beef jerky        |       |       |     1 |       ||     1
       Fruit             |       |       |       |     5 ||     5
